AoeStats
← PapaHollski

Hill Fort

506553081Analyzed
4v4 RM · 18d ago on Sep 14, 2026· 53m 16s· 8 players
Game mode
Random Map
Map size
Large (8 player)
Population
200
Speed
Normal
Resources
Standard
Victory
Conquest
Starting age
Dark Age
Ending age
Imperial Age
RankedLock teamsTeams togetherTeam positionsShared explorationLock speedFull tech treeHidden civsTurbo modeCheats
Victory
Defeat
🇺🇸 Mongols · United States
1071
+11
🇺🇸 Vietnamese · United States
1043
+14
🇹🇼 Wei · Taiwan
1033
+13
🇵🇪 Khmer · Peru
1020
+13
🇧🇷 Dravidians · Brazil
1086
-17
🇲🇽 Bohemians · Mexico
949
-12
🇺🇸 Bengalis · United States
918
-27
🇺🇸 Poles · United States
916
-27
NIGHTMARE FLARE
12:53 Feudal Age
14:01 Loom
16:36 Castle Age
14:41 Double-Bit Axe
14:45 Horse Collar
15:27 Gold Mining
17:56 Bow Saw
18:24 Heavy Plow
20:11 Wheelbarrow
21:25 Fletching
23:27 Padded Archer Armor
26:23 Gold Shaft Mining
27:00 Thumb Ring
28:09 Ballistics
28:37 Bodkin Arrow
30:12 Leather Archer Armor
31:44 Bloodlines
31:35 Husbandry
32:24 Hand Cart
38:30 Imperial Age
39:01 Elite Mangudai
40:41 Bracer
41:29 Parthian Tactics
42:15 Conscription
45:16 Elite Skirmisher
48:18 Chemistry
48:31 Imperial Skirmisher
來一杯玫瑰舒暢
12:11 Feudal Age
14:43 Loom
17:15 Castle Age
16:48 Double-Bit Axe
18:34 Bow Saw
19:37 Horse Collar
21:50 Wheelbarrow
25:15 Gold Mining
25:50 Treadmill Crane
31:57 Hand Cart
32:22 Masonry
35:30 Imperial Age
34:20 Gold Shaft Mining
33:51 Scale Mail Armor
34:08 Forging
34:03 Scale Barding Armor
34:08 Forging
34:24 Husbandry
35:27 Bloodlines
37:10 Conscription
37:48 Light Cavalry
38:51 Heavy Hei Guang Cavalry
40:57 Scale Barding Armor
41:28 Iron Casting
41:08 Chain Mail Armor
40:43 Fletching
40:54 Padded Archer Armor
41:53 Elite Skirmisher
42:56 Heavy Plow
43:34 Tuntian
43:46 Hussar
45:09 Ballistics
45:49 Chemistry
44:43 Imperial Skirmisher
45:56 Chain Barding Armor
46:37 Blast Furnace
47:05 Parthian Tactics
47:02 Caravan
47:43 Leather Archer Armor
47:43 Chain Mail Armor
47:24 Bodkin Arrow
48:33 Crop Rotation
48:17 Stone Mining
51:10 Ring Archer Armor
ebag876
10:55 Feudal Age
10:16 Loom
16:15 Castle Age
14:32 Double-Bit Axe
14:55 Horse Collar
16:47 Wheelbarrow
17:11 Heavy Plow
19:46 Bow Saw
25:51 Gold Mining
25:51 Stone Mining
29:49 Imperial Age
27:54 Hand Cart
28:12 Pikeman
28:53 Squires
29:50 Forging
29:40 Scale Mail Armor
30:28 Ballistics
30:16 Thumb Ring
29:32 Elite Skirmisher
30:02 Halberdier
31:20 Iron Casting
30:46 Padded Archer Armor
31:32 Chain Mail Armor
31:07 Fletching
32:32 Two-Man Saw
32:03 Crop Rotation
31:20 Town Watch
32:12 Stone Shaft Mining
32:28 Paper Money
33:13 Chemistry
32:58 Elite Rattan Archer
34:40 Siege Engineers
35:03 Elite Fire Lancer
35:29 Arson
39:11 Bodkin Arrow
39:31 Leather Archer Armor
41:58 Bracer
42:28 Ring Archer Armor
42:29 Plate Mail Armor
43:26 Ring Archer Armor
42:20 Imperial Skirmisher
44:26 Hoardings
Jc
11:45 Feudal Age
11:51 Feudal Age
14:47 Castle Age
14:06 Wheelbarrow
13:19 Double-Bit Axe
19:34 Bow Saw
22:01 Gold Mining
22:59 Loom
23:35 Hand Cart
23:05 Town Watch
23:21 Horse Collar
24:39 Stone Mining
30:54 Stone Shaft Mining
34:58 Imperial Age
33:22 Heavy Plow
37:24 Chemistry
36:44 Ballistics
36:52 Elite Ballista Elephant
37:53 Conscription
41:55 Tusk Swords
41:57 Double Crossbow
42:18 Murder Holes
45:19 Scale Barding Armor
45:24 Forging
48:33 Husbandry
48:43 Bloodlines
48:55 Chain Barding Armor
49:22 Iron Casting
48:14 Light Cavalry
50:47 Hussar
PapaHollski
11:14 Feudal Age
16:58 Castle Age
15:01 Fletching
15:01 Loom
21:00 Wheelbarrow
21:13 Double-Bit Axe
21:35 Horse Collar
24:13 Gold Mining
24:55 Bow Saw
25:30 Heavy Plow
27:48 Hand Cart
28:01 Bodkin Arrow
28:06 Padded Archer Armor
29:49 Ballistics
29:25 Elite Skirmisher
34:21 Imperial Age
31:39 Town Watch
34:32 Leather Archer Armor
35:05 Elite Elephant Archer
35:11 Heavy Scorpion
36:14 Bracer
36:44 Ring Archer Armor
36:57 Arrowslits
37:11 Murder Holes
45:29 Gold Shaft Mining
46:57 Forging
46:47 Scale Mail Armor
46:52 Scale Barding Armor
Iceman
0:30 Loom
12:58 Feudal Age
14:59 Double-Bit Axe
16:01 Wheelbarrow
19:39 Castle Age
18:53 Horse Collar
28:00 Imperial Age
29:33 Chemistry
30:26 Bow Saw
ViceRival
11:16 Feudal Age
11:49 Horse Collar
11:56 Double-Bit Axe
12:58 Gold Mining
19:49 Castle Age
18:01 Loom
21:00 Heavy Plow
21:14 Bow Saw
21:44 Scale Barding Armor
22:02 Stone Mining
23:50 Husbandry
25:21 Wheelbarrow
26:05 Chain Barding Armor
25:56 Forging
28:45 Iron Casting
33:59 Imperial Age
32:07 Wheelbarrow
33:46 Light Cavalry
34:37 Bloodlines
34:35 Winged Hussar
36:58 Blast Furnace
36:29 Lechitic Legacy
40:11 Crop Rotation
Stock_br
9:11 Loom
11:31 Feudal Age
19:36 Castle Age
18:39 Double-Bit Axe
19:20 Fishing Lines
22:20 Gillnets
31:28 Imperial Age
29:43 Wheelbarrow
29:20 Bow Saw
28:52 Horse Collar
30:43 Fletching
30:54 Padded Archer Armor
31:32 Bodkin Arrow
31:59 Ballistics
32:03 Thumb Ring
33:43 Bracer
34:07 Leather Archer Armor
35:45 Chemistry
35:16 Husbandry
35:11 Elite Skirmisher
41:14 Heavy Plow
42:15 Two-Man Saw
43:17 Light Cavalry
44:45 Crossbowman
46:18 Scale Barding Armor
46:24 Forging
47:17 Ring Archer Armor
49:41 Caravan
Connection lost

Rejoining the realm…

Still unreachable

The connection could not be restored.

Session expired

The server has moved on; the page needs a fresh start.